 Dungeon Crawl Stone Soup version 0.24-a0-355-gbe4061de67 (webtiles) character file.

Game seed: 11830349950839250381

793 D1HalberdGnoll the Sneak (level 7, -4/35 HPs)
             Began as a Spriggan Enchanter on May 24, 2019.
             Killed from afar by Pikel (9 damage)
             ... with an iceblast
             ... on level 4 of the Dungeon.
             The game lasted 00:07:13 (4874 turns).

D1HalberdGnoll the Sneak (Spriggan Enchanter)       Turns: 4874, Time: 00:07:14

Health: -4/35      AC:  2    Str:  4    XL:     7   Next: 57%
Magic:  12/12      EV: 22    Int: 16    God:
Gold:   152        SH:  0    Dex: 19    Spells: 5/11 levels left

rFire    . . .     SeeInvis +   e - +1 short sword (venom)
rCold    . . .     Gourm    .   (shield restricted)
rNeg     . . .     Faith    .   b - +0 robe
rPois    .         Spirit   .   (helmet restricted)
rElec    .         Reflect  .   (no cloak)
rCorr    .         Harm     .   (gloves unavailable)
MR       +....                  (boots unavailable)
Stlth    ++++......             (no amulet)
HPRegen  0.11/turn              (no ring)
MPRegen  0.13/turn              (no ring)

@: very quick
A: very small, unfitting armour, see invisible, herbivore, speed 3, slow
metabolism 2
a: no special abilities


You were on level 4 of the Dungeon.
You were not hungry.

You visited 1 branch of the dungeon, and saw 4 of its levels.

You collected 152 gold pieces.

Inventory:

Hand Weapons
 e - a +1 short sword of venom (weapon)
Armour
 b - a +0 robe (worn)
Jewellery
 g - a +3 amulet of reflection {unknown}
Wands
 q - a wand of digging (3)
 r - a wand of flame (2)
Scrolls
 a - a scroll of fear {unknown}
 c - 2 scrolls of identify {unknown}
 f - 2 scrolls of teleportation {unknown}
 h - 3 scrolls of amnesia {unknown}
 i - a scroll of blinking {unknown}
 k - a scroll of immolation {unknown}
 l - a scroll of enchant armour {unknown}
 n - 3 scrolls of random uselessness {unknown}
 p - a scroll of remove curse {unknown}
Potions
 j - a potion of haste
Comestibles
 d - 6 rations


   Skills:
 + Level 2.8 Fighting
 * Level 5.9 Short Blades
 + Level 6.3 Dodging
 + Level 7.3 Stealth
 - Level 2.6 Spellcasting
 - Level 3.6 Hexes


You had 5 spell levels left.
You knew the following spells:

 Your Spells              Type           Power        Failure   Level  Hunger
a - Corona                Hex            ##.....      4%          1    #......
b - Ensorcelled Hibernat  Hex/Ice        #.....       14%         2    ##.....
c - Tukima's Dance        Hex            ##......     13%         3    ###....

Your spell library contained the following spells:

 Spells                   Type           Power        Failure   Level  Hunger
 Confuse                  Hex            ##......     13%         3    ###....
 Dazzling Spray           Conj/Hex       #.....       28%         3    ###....


Dungeon Overview and Level Annotations

Branches:
Dungeon (4/15)
 Temple: D:4-7

Altars:
Hepliaklqana
Kikubaaqudgha
Okawaru
Zin

Annotations:
D:4 Pikel


Innate Abilities, Weirdness & Mutations

You are very small and have problems with some larger weapons.
You are too small for most types of armour.
You have supernaturally acute eyesight. (SInv)
You are a herbivore.
You cover ground extremely quickly.
You need to consume almost no food.


Message History

You hit Pikel but do no damage.
Pikel looks as sick as possible!
Pikel is moderately wounded.
Pikel closely misses you.
You barely miss Pikel.
Pikel is moderately wounded.
Pikel completely misses you.
You hit Pikel but do no damage.
Pikel is heavily wounded.
Pikel misses you. Pikel closely misses you.
You miss Pikel.
Pikel is heavily wounded.
Pikel misses you.
You hit Pikel but do no damage.
Pikel looks as sick as possible!
Pikel is heavily wounded.
Pikel hits you with a +1 whip of freezing!
* * * LOW HITPOINT WARNING * * *
Pikel freezes you.
* * * LOW HITPOINT WARNING * * *
Pikel zaps a wand.
The mass of ice explodes!
The iceblast engulfs you!
You die...

#........ #.##########
######.#......... ...
#........######.. ...
#........# .. ...
#........#.#.# ...
######'#<....# ![.
#.######## ... #.....@..#
..p###############K######
..pK.......p.K....p....>#
##.######################
#' .. ... ... ...


You could see Pikel.

Vanquished Creatures
  Eustachio (D:4)
  Menkaure (D:4)
  2 slaves (D:4)
  2 ogres (D:3)
  An orc priest (D:4)
  A hound (D:4)
  An orc wizard (D:4)
  Ijyb (D:4)
  3 worker ants (D:4)
  5 gnolls
  5 adders
  An ooze (D:3)
  3 worms
  4 dart slugs
  4 leopard geckos
  5 orcs
  4 giant cockroaches
  7 goblins (D:1)
  7 hobgoblins
  A quokka (D:3)
  9 bats
  7 frilled lizards
  12 kobolds
  8 rats
  A bush (D:2)
96 creatures vanquished.

Vanquished Creatures (others)
  A dancing weapon (D:4)
1 creature vanquished.

Grand Total: 97 creatures vanquished

Notes
Turn   | Place    | Note
-------+----------+-------------------------------------------
     0 | D:1      | D1HalberdGnoll the Spriggan Enchanter began the quest for
                  | the Orb.
     0 | D:1      | Reached XP level 1. HP: 9/9 MP: 5/5
    78 | D:1      | Reached XP level 2. HP: 12/13 MP: 6/6
   613 | D:1      | Reached XP level 3. HP: 13/17 MP: 8/8
   627 | D:1      | Reached skill level 5 in Stealth
   889 | D:1      | Reached skill level 1 in Fighting
  1105 | D:2      | Reached XP level 4. HP: 22/22 MP: 9/9
  1668 | D:2      | Found an ancient bone altar of Kikubaaqudgha.
  1668 | D:2      | Found a hazy altar of Hepliaklqana.
  1669 | D:2      | Found a glowing silver altar of Zin.
  2263 | D:3      | Reached XP level 5. HP: 25/25 MP: 10/10
  3010 | D:4      | Found an iron altar of Okawaru.
  3012 | D:4      | Noticed an ogre
  3014 | D:4      | Noticed Eustachio
  3230 | D:3      | Killed an ogre
  3230 | D:3      | Reached skill level 5 in Dodging
  3230 | D:3      | Reached skill level 6 in Stealth
  3230 | D:3      | Reached XP level 6. HP: 29/30 MP: 11/11
  3336 | D:3      | Learned a level 2 spell: Ensorcelled Hibernation
  3340 | D:3      | Learned a level 3 spell: Tukima's Dance
  3524 | D:4      | Killed Eustachio
  3712 | D:4      | Noticed Ijyb
  3720 | D:4      | Reached skill level 5 in Short Blades
  3738 | D:4      | Killed Ijyb
  3912 | D:4      | Reached XP level 7. HP: 23/35 MP: 12/12
  4346 | D:4      | Noticed Menkaure
  4371 | D:4      | Killed Menkaure
  4371 | D:4      | Reached skill level 7 in Stealth
  4837 | D:4      | Noticed Pikel
  4853 | D:4      | HP: 1/35 [Pikel/iceblast (14)]
  4874 | D:4      | Killed from afar by Pikel

Levels and vault maps discovered:
D:1:      scummos_arrival_hexagon, layout_rooms
D:2:      layout_rooms, gammafunk_temple_overflow_claw, minmay_misc_feat_chi,
          lexackson_kobold_supper
D:3:      layout_rooms, first_ration, serial_park_tiny_2
D:4:      layout_basic, okawaru_gym_becter, uniq_menkaure, uniq_pikel,
          uniq_ijyb, uniq_eustachio

Skill      XL: |  1  2  3  4  5  6  7 |
---------------+----------------------+-----
Short Blades   | 2 3 4 5 |  5.9
Stealth        | 5 6 7 |  7.3
Fighting       | 1 2 |  2.8
Dodging        | 4 5 6 |  6.3
Spellcasting   | |  2.6
Hexes          | |  3.6

Action                   |  1- 3 |  4- 6 |  7- 9 || total
-------------------------+-------+-------+-------++-------
Melee: Short sword       |    96 |   261 |    65 ||   422
       Dagger            |     7 |       |       ||     7
 Cast: Corona            |     1 |       |       ||     1
       Ensorcelled Hiber |       |     6 |       ||     6
       Tukima's Dance    |       |     1 |       ||     1
Evoke: Wand              |       |       |     8 ||     8
  Use: Potion            |       |     1 |     3 ||     4
 Stab: Sleeping          |     5 |    11 |       ||    16
       Distracted        |       |       |     2 ||     2
  Eat: Ration            |       |     1 |     1 ||     2
Armor: Robe              |    11 |    19 |       ||    30
Dodge: Dodged            |    79 |   186 |    48 ||   313

Table legend:
 A = Non-vault XP
 B = Vault XP
 C = Vault XP percentage of total XP
 D = Non-vault monster count
 E = Vault monster count
 F = Vault count percentage of total count
                 A         B        C        D         E       F
            +---------+---------+-------+---------+---------+-------
      Total |     726 |     407 |  35.9 |      82 |      11 |  11.8
            +---------+---------+-------+---------+---------+-------
        D:1 |      82 |       0 |   0.0 |      31 |       0 |   0.0
        D:2 |      99 |      11 |  10.0 |      26 |       8 |  23.5
        D:3 |     291 |       0 |   0.0 |      12 |       0 |   0.0
        D:4 |     254 |     396 |  60.9 |      13 |       3 |  18.8
            +---------+---------+-------+---------+---------+-------
